 Dungeon Crawl Stone Soup version 0.31-a0-237-g2d982f9f85 (webtiles) character file.

Game seed: 3885619651013601011

53 qw the Shooter (level 3, 0/21 HPs)
             Began as a Gargoyle Hexslinger on July 10, 2023.
             Was an Initiate of Okawaru.
             Slain by Robin
             ... wielding a +0 dagger
              (2 damage)
             ... on level 2 of the Dungeon.
             The game lasted 00:00:32 (993 turns).

qw the Shooter (Gargoyle Hexslinger)                 Turns: 993, Time: 00:00:33

Health: 0/21       AC:  5    Str: 11    XL:     3   Next: 87%
Magic:  4/4        EV: 12    Int: 13    God:    Okawaru [......]
Gold:   43         SH:  0    Dex: 14    Spells: 3/4 levels left

rFire   . . .        Y - +1 sling
rCold   . . .        (no shield)
rNeg    + + .        c - +0 robe
rPois   inf          (no helmet)
rElec   +            (no cloak)
rCorr   .            (no gloves)
SInv    .            (no boots)
Will    .....        (no amulet)
Stlth   +            d - ring of positive energy
HPRegen 0.23/turn    (no ring)
MPRegen 0.09/turn

%: no passive effects
@: no status effects
A: sickness immunity, AC +3, negative energy resistance 1, electricity
resistance, torment resistance 1, petrification resistance
a: Renounce Religion


You were on level 2 of the Dungeon.
You worshipped Okawaru.
Okawaru was noncommittal.
You visited 1 branch of the dungeon, and saw 2 of its levels.

You collected 43 gold pieces.


Innate Abilities, Weirdness & Mutations

You are immune to sickness and miasma.
Your stone body is resilient. (AC +3)
You are immune to poison.
You resist negative energy. (rN+)
You are resistant to electric shocks. (rElec)
You are resistant to unholy torment.
You are immune to petrification.


   Skills:
 - Level 2.0 Fighting
 + Level 3.7 Ranged Weapons
 - Level 1.5 Dodging
 - Level 1.0 Spellcasting
 - Level 2.6 Hexes


You had 3 spell levels left.
You knew the following spells:

 Your Spells              Type           Power      Damage    Failure   Level
a - Slow                  Hex            28%        N/A       10%         1

Your spell library contained the following spells:

 Spells                   Type           Power      Damage    Failure   Level
 Inner Flame              Hex/Fire       4%         N/A       43%         3
 Portal Projectile        Hex/Tloc       8%         N/A       43%         3
 Cause Fear               Hex            3%         N/A       67%         4

Inventory:

Hand Weapons
 Y - a +1 sling (weapon)
Armour
 c - a +0 robe (worn)
Jewellery
 d - a ring of positive energy (left hand)
Potions
 a - a potion of mutation {unknown}
 f - a potion of might {unknown}

Dungeon Overview and Level Annotations

Branches:
Dungeon (2/15)

Altars:
Okawaru

Annotations:
D:2 Robin


Message History

The goblin misses you.
Robin roars a battlecry!
The goblin goes into a battle-frenzy!
The goblin closely misses you.
You shoot a sling bullet.
The sling bullet hits Robin but does no damage.
Robin closely misses you. The goblin barely misses you.
You shoot a sling bullet. The sling bullet hits Robin.
Robin is lightly wounded.
The goblin hits you but does no damage. Robin hits you but does no damage.
You shoot a sling bullet. The sling bullet closely misses Robin.
The goblin hits you with a +0 dagger. Robin hits you but does no damage.
You shoot a sling bullet. The sling bullet barely misses Robin.
The goblin completely misses you. Robin hits you but does no damage.
Robin misses you. The goblin hits you but does no damage.
You shoot a sling bullet. The sling bullet closely misses Robin.
Robin hits you with a +0 dagger. The goblin barely misses you.
You shoot a sling bullet. The sling bullet hits Robin.
Robin is heavily wounded.
Robin hits you but does no damage. The goblin hits you with a +0 dagger.
You shoot a sling bullet.
The sling bullet hits Robin but does no damage.
Robin is heavily wounded.
The goblin hits you but does no damage. Robin hits you with a +0 dagger.
You shoot a sling bullet. The sling bullet barely misses Robin.
The goblin hits you but does no damage. Robin misses you.
You shoot a sling bullet.
The sling bullet hits Robin but does no damage.
Robin is heavily wounded.
The goblin hits you but does no damage. Robin closely misses you.
The goblin hits you but does no damage. Robin hits you but does no damage.
You shoot a sling bullet.
The sling bullet hits Robin but does no damage.
Robin is heavily wounded.
Robin hits you but does no damage. The goblin barely misses you.
You shoot a sling bullet.
The sling bullet hits Robin but does no damage.
Robin is heavily wounded.
Robin hits you with a +0 dagger.
You die...

#.###. #.# #.
#.# #. +# #.###.
# ... #..... #.
### .... ######
#.##.## .....
##.
#.#...####......
####..
#......g@g))....
+.....
#.....####......
####.. ###..##
.>... ##. #.##
.... ## #.# ...
## #.# #+# #.
#.# #.# #. #.#
#.# #. #.# ##.##
#.


You could see Robin and a goblin (strong).

Vanquished Creatures
  A worm (D:2)
  A dart slug (D:1)
  2 endoplasms (D:1)
  3 giant cockroaches (D:1)
  9 goblins
  5 hobgoblins
  3 jackals (D:1)
  3 quokkas (D:1)
  A ball python (D:1)
  4 bats (D:1)
  4 frilled lizards (D:1)
  2 kobolds (D:1)
  3 rats
41 creatures vanquished.

Notes
Turn   | Place    | Note
-------+----------+-------------------------------------------
     0 | D:1      | qw the Gargoyle Hexslinger began the quest for the Orb.
     0 | D:1      | Reached XP level 1. HP: 12/12 MP: 2/2
     0 | D:1      | 0 ||| qw: Version: 0.3-a-52-g30416fa
     0 | D:1      | 0 ||| qw: Game counter: 5342
     0 | D:1      | 0 ||| qw: Melee chars always use a shield: true
     0 | D:1      | 0 ||| qw: God list: Okawaru
     0 | D:1      | 0 ||| qw: Allow faded altars: false
     0 | D:1      | 0 ||| qw: Do Orc after clearing Dungeon:15 true
     0 | D:1      | 0 ||| qw: Do second Lair branch before Depths: true
     0 | D:1      | 0 ||| qw: Lair rune preference: random
     0 | D:1      | 0 ||| qw: Goals: Normal
     0 | D:1      | 0 ||| PLANNING D:1-11
    37 | D:1      | 37 ||| FLEEEEING.
    40 | D:1      | 40 ||| FLEEEEING.
    44 | D:1      | 44 ||| FLEEEEING.
    46 | D:1      | Reached XP level 2. HP: 15/16 MP: 3/3
   201 | D:1      | Reached skill level 3 in Ranged Weapons
   276 | D:1      | 276 ||| FLEEEEING.
   393 | D:1      | Reached XP level 3. HP: 21/21 MP: 4/4
   766 | D:1      | 766 ||| UPGRADING to ring of positive energy.
   767 | D:1      | 767 ||| READING scroll labelled SEITUATUMY.
   768 | D:1      | 768 ||| READING scroll labelled LIDWES IVUCRAM.
   769 | D:1      | 769 ||| READING scroll labelled JASTROS ZELUF.
   770 | D:1      | 770 ||| DROPPING scroll of poison.
   822 | D:2      | Found an iron altar of Okawaru.
   823 | D:2      | 823 ||| PLANNING OKAWARU WORSHIP
   831 | D:2      | Became a worshipper of Warmaster Okawaru
   832 | D:2      | 832 ||| PLANNING D:1-11
   957 | D:2      | Noticed Robin
   979 | D:2      | HP: 5/21 [goblin/+0 dagger[Robin] (3)]
   985 | D:2      | HP: 5/21 [goblin/+0 dagger[Robin] (2)]
   988 | D:2      | HP: 2/21 [goblin/+0 dagger[Robin] (3)]
   993 | D:2      | Slain by Robin

Levels and vault maps discovered:
D:1:      wander_arrival_chamber, layout_loops_ring
D:2:      minmay_thinvault, layout_loops_corners, basic_altar,
          columned_hall_lemuel, uniq_crazy_yiuf_cottage, uniq_robin

Skill      XL: |  1  2 |
---------------+-------+-----
Ranged Weapons | 3 |  3.7
Fighting       | 2 |  2.0
Dodging        | |  1.5
Spellcasting   | |  1.0
Hexes          | |  2.6

Action                     || total
---------------------------++-------
   Fire: Sling             ||   156
    Use: Scroll            ||     3
 Armour: Robe              ||    51
  Dodge: Dodged            ||    83

Table legend:
 A = Non-vault XP
 B = Vault XP
 C = Vault XP percentage of total XP
 D = Non-vault monster count
 E = Vault monster count
 F = Vault count percentage of total count
                 A         B        C        D         E       F
            +---------+---------+-------+---------+---------+-------
      Total |      56 |      20 |  26.3 |      31 |      10 |  24.4
            +---------+---------+-------+---------+---------+-------
        D:1 |      46 |       0 |   0.0 |      27 |       0 |   0.0
        D:2 |      10 |      20 |  66.7 |       4 |      10 |  71.4
            +---------+---------+-------+---------+---------+-------
